 Dungeon Crawl Stone Soup version 0.28.0-53-g5a82cb258f (webtiles) character file.

Game seed: 3638640607782292146

56 hawla the Firebug (level 3, -2/14 HPs)
             Began as a Felid Fire Elementalist on May 24, 2022.
             Slain by Grinder (6 damage)
             ... while paralysed by Grinder
             ... on level 3 of the Dungeon.
             The game lasted 00:05:18 (2250 turns).

hawla the Firebug (Felid Fire Elementalist)         Turns: 2250, Time: 00:05:18

Health: -2/14      AC:  1    Str:  4    XL:     3   Next: 71%
Magic:  2/8        EV:  4    Int: 18    God:
Gold:   45         SH:  0    Dex: 16    Spells: 4/7 levels left
                                        Lives:  0   Deaths: 0

rFire   . . .      SeeInvis +   (weapon unavailable)
rCold   . . .      Faith    .   (shield unavailable)
rNeg    . . .      Spirit   .   (armour unavailable)
rPois   .          Reflect  .   (helmet unavailable)
rElec   .          Harm     .   (cloak unavailable)
rCorr   +          Rampage  .   (gloves unavailable)
Will    .....                   (boots unavailable)
Stlth   ++........              (no amulet)
HPRegen 0.04/turn               a - ring of resist corrosion
MPRegen 0.11/turn               (no ring)

@: paralysed, quick
A: very small, claws 1, fangs 3, see invisible, speed 1, shaggy fur 1, stealthy
paws, no weapons or thrown items, no armour, multi-lived
a: no special abilities


You were on level 3 of the Dungeon.
You visited 1 branch of the dungeon, and saw 3 of its levels.

You collected 45 gold pieces.

Inventory:

Jewellery
 a - a ring of resist corrosion (left paw)
Scrolls
 c - a scroll of teleportation {unknown}
Potions
 b - a potion of ambrosia {unknown}


   Skills:
 + Level 2.9 Dodging
 + Level 2.8 Stealth
 + Level 2.7 Spellcasting
 + Level 1.6 Conjurations
 + Level 3.2 Fire Magic


You had 4 spell levels left.
You knew the following spells:

 Your Spells              Type           Power      Damage    Failure   Level
a - Foxfire               Conj/Fire      44%        2x1d6     6%          1
b - Scorch                Fire           28%        2d6       7%          2

Your spell library contained the following spells:

 Spells                   Type           Power      Damage    Failure   Level
 Magic Dart               Conj           32%        1d4       9%          1
 Conjure Flame            Conj/Fire      11%        6-21      19%         3
 Call Imp                 Summ           2%         N/A       26%         2
 Ensorcelled Hibernation  Hex/Ice        4%         N/A       26%         2
 Inner Flame              Hex/Fire       8%         N/A       26%         3
 Mephitic Cloud           Conj/Pois/Air  4%         N/A       38%         3
 Spider Form              Tmut/Pois      2%         N/A       45%         3
 Flame Wave               Conj/Fire      11%        2d5       52%         4
 Anguish                  Hex/Necr       1%         N/A       86%         4
 Freezing Cloud           Conj/Ice/Air   2%         6-21      98%         5
 Simulacrum               Ice/Necr       1%         N/A       100%        6
 Polar Vortex             Ice            1%         N/A       100%        9


Dungeon Overview and Level Annotations

Branches:
Dungeon (3/15)

Altars:

Shops:
D:1 (

Annotations:
D:3 Grinder


Innate Abilities, Weirdness & Mutations

You have sharp claws.
You have razor-sharp teeth.
You have supernaturally acute eyesight. (SInv)
You cover ground quickly. (Speed+)
You are covered in fur. (AC +1)
Your paws help you pounce on unaware monsters.
You are incapable of wielding weapons or throwing items.
You cannot wear armour.
You gain extra lives every three experience levels.


Message History

You conjure some foxfire!
The foxfire hits the ball python.
You kill the ball python!
Your foxfire dissipates! x2
Things that are here:
a +0 club; 4 stones You now have 45 gold pieces (gained 9).
You open the door.
There is an open door here.
Key pressed, stopping explore.
There is an open door here.
Done exploring.
Done exploring.
(D) Dungeon
Where to? (Enter - D:2, ? - help)
What level of the Dungeon? (default 1, ? - help)
There is a stone staircase leading down here.
You climb downwards.
Found a short sword, a leather armour and a book of Blasting.
There is a stone staircase leading up here.
There are monsters nearby!
Casting: Foxfire (safe; 6% risk of failure)
Confirm with . or Enter, or press ? or * to list all spells.
Flames lash the kobold.
You kill the kobold!
Casting: Scorch (safe; 7% risk of failure)
Confirm with . or Enter, or press ? or * to list all spells.
Flames lash Grinder.
Grinder is lightly wounded.
Grinder's fire resistance burns away.
Casting: Scorch (safe; 7% risk of failure)
Confirm with . or Enter, or press ? or * to list all spells.
Flames lash Grinder.
Grinder is burned terribly!
Grinder is moderately wounded.
Grinder gestures at you.
You suddenly lose the ability to move!
Grinder hits you!
Ouch! That really hurt!
* * * LOW HITPOINT WARNING * * *
You writhe in agony.
You die...

#.... #...#
#...# #...# [
...# ..)
.)###....
...####........
.......@.......
...####5.......
#........
.........
.........
.######.:# #
#.. ##


You could see Grinder (combustible).

Vanquished Creatures
  2 adders (D:2)
  3 dart slugs (D:1)
  5 endoplasms
  A giant cockroach (D:1)
  3 goblins (D:1)
  A hobgoblin (D:1)
  3 quokkas
  A ball python (D:2)
  5 bats (D:1)
  A frilled lizard (D:1)
  4 kobolds
  5 rats
34 creatures vanquished.

Vanquished Creatures (others)
  78 foxfires
78 creatures vanquished.

Grand Total: 112 creatures vanquished

Notes
Turn   | Place    | Note
-------+----------+-------------------------------------------
     0 | D:1      | hawla the Felid Fire Elementalist began the quest for the
                  | Orb.
     0 | D:1      | Reached XP level 1. HP: 7/7 MP: 4/4
   410 | D:1      | Reached skill level 3 in Fire Magic
   413 | D:1      | Reached XP level 2. HP: 10/11 MP: 4/6
   416 | D:1      | Learned a level 2 spell: Scorch
   625 | D:1      | Found Wiolida's Weapon Shop.
   644 | D:1      | Reached skill level 1 in Conjurations
  1070 | D:1      | Reached XP level 3. HP: 14/14 MP: 0/7
  2004 | D:2      | Found a faded altar of an unknown god.
  2246 | D:3      | Noticed Grinder
  2249 | D:3      | Paralysed by Grinder for 2 turns
  2250 | D:3      | Slain by Grinder

Illustrated notes

Levels and vault maps discovered:
D:1:      lemuel_arrival_rhombus, layout_basic, serial_shops,
          nicolae_shop_bloodbath_and_beyond, minmay_octomino_j4
D:2:      layout_basic, chequers_ecumenical_altar_simple_redux
D:3:      layout_rooms, uniq_grinder

Skill      XL: |  1  2 |
---------------+-------+-----
Fire Magic     | 3 |  3.2
Conjurations   | 1 |  1.6
Dodging        | |  2.9
Stealth        | |  2.8
Spellcasting   | |  2.7

Action                   || total
-------------------------++-------
Melee: Unarmed           ||    26
       Bite              ||     3
       Punch             ||     1
 Cast: Foxfire           ||    42
       Scorch            ||    12
  Use: Scroll            ||     1
 Stab: Sleeping          ||     1
Armor: Skin              ||     3
Dodge: Dodged            ||    47
